 Dungeon Crawl Stone Soup version 0.26-a0-259-g1effd001a9 (webtiles) character file.

Game seed: 7171142742583147309

671 gruber the Grappler (level 7, -7/59 HPs)
             Began as a Troll Earth Elementalist on July 25, 2020.
             Mangled by an ogre
             ... wielding a +0 giant club
              (15 damage)
             ... on level 4 of the Dungeon on July 26, 2020.
             The game lasted 00:05:05 (3183 turns).

gruber the Grappler (Troll Earth Elementalist)      Turns: 3183, Time: 00:05:05

Health: -7/59      AC:  6    Str: 17    XL:     7   Next: 32%
Magic:  7/7        EV: 10    Int: 13    God:
Gold:   233        SH:  0    Dex: 10    Spells: 0/8 levels left

rFire    + + .     SeeInvis .     - Unarmed
rCold    + . .     Faith    .   (no shield)
rNeg     . . .     Spirit   .   c - +0 robe
rPois    .         Reflect  .   (helmet restricted)
rElec    .         Harm     .   v - scarf {rC+ rF+}
rCorr    .                      (gloves unavailable)
MR       .....                  (boots unavailable)
Stlth    ++........             (no amulet)
HPRegen  0.59/turn              n - ring of stealth
MPRegen  0.10/turn              w - ring of protection from fire

@: no status effects
A: large, unfitting armour, claws 3, fast metabolism 1, regeneration 1, shaggy
fur 1, tough skin 3
a: no special abilities


You were on level 4 of the Dungeon.
You were not hungry.

You visited 1 branch of the dungeon, and saw 5 of its levels.

You collected 233 gold pieces.

Inventory:

Missiles
 b - 177 stones (quivered)
Armour
 c - a +0 robe (worn)
 v - a scarf of resistance (worn)
Jewellery
 n - a ring of stealth (left claw)
 w - a ring of protection from fire (right claw)
Wands
 k - a wand of digging (3)
Scrolls
 a - 6 scrolls of teleportation {unknown}
 e - 4 scrolls of identify {unknown}
 f - 5 scrolls of remove curse {unknown}
 g - a scroll of enchant weapon {unknown}
 i - a scroll of noise {unknown}
 o - a scroll of immolation {unknown}
 t - a scroll of amnesia {unknown}
Potions
 h - 5 potions of curing {unknown}
 j - a potion of flight {unknown}
 l - a potion of berserk rage {unknown}
 m - a potion of lignification {unknown}
 p - 3 potions of heal wounds
 q - a potion of degeneration {unknown}
 r - 2 potions of resistance {unknown}
 s - a potion of cancellation {unknown}
 u - a potion of haste {unknown}
 x - a potion of brilliance {unknown}
Comestibles
 d - 5 rations


   Skills:
 - Level 1.5 Dodging
 - Level 1.0 Stealth
 * Level 8.0 Unarmed Combat
 - Level 1.2 Spellcasting
 + Level 0.6 Transmutations
 - Level 2.6 Earth Magic


You couldn't memorise any spells.
You knew the following spells:

 Your Spells              Type           Power        Failure   Level
a - Sandblast             Erth           #.....       9%          1
b - Stone Arrow           Conj/Erth      #.....       43%         3
c - Petrify               Tmut/Erth      #.......     80%         4

Your spell library contained the following spells:

 Spells                   Type           Power        Failure   Level
 Passwall                 Tmut/Erth      #.......     22%         2
 Confusing Touch          Hex            #.......     63%         3
 Gell's Gravitas          Tloc           #.........   63%         3
 Lee's Rapid Deconstruct  Erth           #.........   94%         5
 Metabolic Englaciation   Hex/Ice        #.........   100%        5
 Yara's Violent Unravell  Hex/Tmut       #.........   100%        5


Dungeon Overview and Level Annotations

Branches:
Dungeon (5/15)
 Temple: D:4-7

Altars:
Nemelex Xobeh
Okawaru
Ru
Uskayaw
Zin

Shops:
D:4 }

Annotations:
D:4 Menkaure
D:5 Pikel


Innate Abilities, Weirdness & Mutations

You are too large for most types of armour.
You have claws for hands.
You have a fast metabolism.
Your natural rate of healing is unusually fast.
You are covered in fur. (AC +1)
You have extremely tough skin. (AC +3)


Message History

There is an open door here.
There is a stone staircase leading up here.
The lemure hits you.
* * * LOW HITPOINT WARNING * * *
You climb upwards.
Level annotation: Menkaure
There is a stone staircase leading down here.
Menkaure shouts!
The lemure barely misses you.
Found a stone staircase leading down.
The lemure hits you but does no damage.
An ogre comes into view. It is wielding a +0 giant club.
A giant cockroach comes into view.
The ogre hits you with a +0 giant club!
* * * LOW HITPOINT WARNING * * *
The lemure barely misses you.
There is a stone staircase leading down here.
Found 8 gold pieces and 15 arrows.
The giant cockroach closely misses you. The ogre hits you with a +0 giant club!
You die...

.......### .........##
... .... .......#..# #.#
#.#.# .#.....##.##
......... .#....##...##
#.#.#.#.# ####.##.....##
......$(
.#...#.......###.#.#.#.#
.#......._..............
.....#.......#5#@#.#.#.#
##..###.....###O.s......
#.# ##..####...##
##.#.#.#.# #.#
.......##.## ##### ##
#.# ##..##.##.# #. #.#
##..# ##.# #. #.#
##..##. #.# #. #.#
##.... #. #.# ###.## #
##.#####.##


You could see an ogre and a giant cockroach.

Vanquished Creatures
  Sigmund (D:2)
  An ogre (D:3)
  A phantom (D:4)
  A lemure (D:5)
  A bullfrog skeleton (D:4)
  Natasha (D:2)
  2 orc wizards (D:4)
  4 gnolls (D:2)
  9 adders
  A white imp (D:5)
  An ooze (D:3)
  A worm (D:2)
  5 dart slugs
  3 leopard geckos
  6 orcs
  6 giant cockroaches
  7 goblins
  12 hobgoblins
  11 kobolds
  A quokka (D:3)
  3 ball pythons
  5 bats
  4 frilled lizards
  5 rats
  A fungus (D:1)
93 creatures vanquished.

Vanquished Creatures (others)
  3 toadstools (D:1)
3 creatures vanquished.

Grand Total: 96 creatures vanquished

Notes
Turn   | Place    | Note
-------+----------+-------------------------------------------
     0 | D:1      | gruber the Troll Earth Elementalist began the quest for the
                  | Orb.
     0 | D:1      | Reached XP level 1. HP: 16/16 MP: 1/1
    38 | D:1      | Reached skill level 1 in Unarmed Combat
   125 | D:1      | Reached XP level 2. HP: 10/24 MP: 2/2
   243 | D:1      | Reached skill level 2 in Unarmed Combat
   658 | D:1      | Reached XP level 3. HP: 27/31 MP: 3/3
   843 | D:2      | Found a sacrificial altar of Ru.
   877 | D:2      | Reached skill level 3 in Unarmed Combat
   918 | D:2      | Reached XP level 4. HP: 9/39 MP: 4/4
  1183 | D:2      | Reached skill level 4 in Unarmed Combat
  1428 | D:2      | Noticed Sigmund
  1448 | D:2      | Killed Sigmund
  1448 | D:2      | Reached skill level 5 in Unarmed Combat
  1448 | D:2      | Reached XP level 5. HP: 23/45 MP: 5/5
  1518 | D:2      | Reached XP level 6. HP: 52/53 MP: 6/6
  1553 | D:2      | Noticed Natasha
  1565 | D:2      | Killed Natasha
  1565 | D:2      | Reached skill level 6 in Unarmed Combat
  2103 | D:3      | Found an iron altar of Okawaru.
  2169 | D:3      | Found a glowing silver altar of Zin.
  2426 | D:3      | Reached skill level 7 in Unarmed Combat
  2861 | D:4      | Reached XP level 7. HP: 57/59 MP: 7/7
  2959 | D:4      | Found a hide-covered altar of Uskayaw.
  2959 | D:4      | Noticed a +0 hand axe
  2959 | D:4      | Noticed a +0 dagger
  2992 | D:4      | Found Zugair's Gadget Shop.
  3075 | D:4      | Found a sparkling altar of Nemelex Xobeh.
  3098 | D:4      | Noticed Menkaure
  3109 | D:5      | Entered Level 5 of the Dungeon
  3114 | D:5      | Learned a level 3 spell: Stone Arrow
  3119 | D:5      | Learned a level 4 spell: Petrify
  3134 | D:5      | Noticed Pikel
  3140 | D:5      | Reached skill level 8 in Unarmed Combat
  3147 | D:5      | HP: 1/59 [lemure[Pikel] (4)]
  3156 | D:5      | HP: 2/59 [lemure[Pikel] (4)]
  3183 | D:4      | Mangled by an ogre

Illustrated notes

Levels and vault maps discovered:
D:1:      matt_arrival_diagonals, layout_basic, minmay_parallelograms,
          minmay_gold_behind_fungi
D:2:      layout_loops_corners, lemuel_doored_altar, uniq_sigmund, uniq_natasha
D:3:      layout_basic, old_standard_altar, minmay_crystal_room,
          lemuel_tele_altar
D:4:      layout_loops_ring, dancing_weapons_uskayaw, lemuel_round_altar,
          serial_shops, nicolae_shop_crystal, hangedman_decor_points,
          st_stairs_10, uniq_menkaure
D:5:      layout_gridville, serial_shops, nicolae_shop_trees, first_ration,
          uniq_pikel, uniq_edmund, uniq_prince_ribbit1, uniq_eustachio

Skill      XL: |  1  2  3  4  5  6  7 |
---------------+----------------------+-----
Unarmed Combat | 1 2 3 5 7 8 |  8.0
Dodging        | |  1.5
Stealth        | |  1.0
Spellcasting   | |  1.2
Transmutations | |  0.6
Earth Magic    | |  2.6

Action                   |  1- 3 |  4- 6 |  7- 9 || total
-------------------------+-------+-------+-------++-------
Melee: Unarmed           |   121 |   146 |    43 ||   310
       Punch             |       |     2 |     1 ||     3
 Stab: Sleeping          |     2 |       |     1 ||     3
  Eat: Ration            |     1 |     2 |       ||     3
Armor: Robe              |    32 |    41 |     9 ||    82
Dodge: Dodged            |    83 |    69 |    23 ||   175

Table legend:
 A = Non-vault XP
 B = Vault XP
 C = Vault XP percentage of total XP
 D = Non-vault monster count
 E = Vault monster count
 F = Vault count percentage of total count
                 A         B        C        D         E       F
            +---------+---------+-------+---------+---------+-------
      Total |     697 |     262 |  27.3 |      89 |       2 |   2.2
            +---------+---------+-------+---------+---------+-------
        D:1 |      41 |       0 |   0.0 |      22 |       0 |   0.0
        D:2 |     118 |     262 |  68.9 |      23 |       2 |   8.0
        D:3 |     237 |       0 |   0.0 |      31 |       0 |   0.0
        D:4 |     277 |       0 |   0.0 |      11 |       0 |   0.0
        D:5 |      24 |       0 |   0.0 |       2 |       0 |   0.0
            +---------+---------+-------+---------+---------+-------
